 Dungeon Crawl Stone Soup version 0.25-b1-37-g2669288c55 (webtiles) character file.

Game seed: 15382947296954304208

104512 Curus the Tortoise (level 15, 0/147 HPs)
             Began as a Minotaur Fighter on June 4, 2020.
             Was the Champion of Yredelemnul.
             Engulfed by a cloud of spectral mist (16 damage)
             ... on level 3 of the Swamp on June 6, 2020.
             The game lasted 03:40:31 (28055 turns).

Curus the Tortoise (Minotaur Fighter)              Turns: 28055, Time: 03:40:31

Health: 0/147      AC: 23    Str: 21    XL:     15   Next: 92%
Magic:  22/22      EV:  6    Int: 10    God:    Yredelemnul [******]
Gold:   2356       SH: 16    Dex: 14    Spells: 14/14 levels left

rFire    + . .     SeeInvis +   b - +4 trident (freeze)
rCold    + . .     Gourm    .   u - +0 kite shield {reflect}
rNeg     . . .     Faith    .   W - +3 plate armour {MR+}
rPois    +         Spirit   .   (helmet restricted)
rElec    .         Reflect  +   i - scarf {rC+ rF+}
rCorr    .         Harm     .   P - +0 pair of gloves of Cetuucev {Int+3}
MR       ++...     Clarity  +   v - +0 pair of boots "Fireel" {SInv}
Stlth    ..........             e - amulet of reflection
HPRegen  0.34/turn              I - ring of flight
MPRegen  0.18/turn              X - ring of poison resistance

@: wreathed by umbra, heavily drained
A: retaliatory headbutt, fangs 1, horns 2, clarity
a: Recall Undead Slaves, Injury Mirror, Animate Dead, Drain Life, Enslave Soul,
Renounce Religion, Evoke Flight


You were on level 3 of the Swamp.
You worshipped Yredelemnul.
Yredelemnul was exalted by your worship.
You were very hungry.

You visited 5 branches of the dungeon, and saw 27 of its levels.
You also visited: Ice Cave.

You collected 2566 gold pieces.
You spent 210 gold pieces at shops.

Inventory:

Hand Weapons
 b - a +4 trident of freezing (weapon)
Armour
 c - a +3 kite shield
 i - a scarf of resistance (worn)
 m - a scarf of resistance
 u - a +0 kite shield of reflection (worn)
 v - the +0 pair of boots "Fireel" (worn) {SInv}
   (You found it on level 14 of the Dungeon)

   It lets you see invisible.
 M - a +2 cloak of preservation
 P - the +0 pair of gloves of Cetuucev (worn) {Int+3}
   (You found it on level 1 of the Lair of Beasts)

   It affects your intelligence (+3).
 W - a +3 plate armour of magic resistance (worn)
Jewellery
 a - a +6 ring of dexterity
 e - an amulet of reflection (around neck)
 k - an uncursed ring of ice
 l - an uncursed ring of teleportation
 s - an uncursed ring of magical power
 z - an uncursed ring of protection from fire
 I - a ring of flight (left hand)
 L - a +4 ring of evasion
 N - an uncursed ring of wizardry
 T - a +4 ring of evasion
 U - an uncursed ring of wizardry
 X - a ring of poison resistance (right hand)
 Z - an uncursed ring of protection from magic
Wands
 x - a wand of paralysis (8)
 A - a wand of polymorph (18)
 B - a wand of disintegration (9)
 D - a wand of acid (25)
 F - a wand of random effects (53)
 H - a wand of clouds (15)
 K - a wand of flame (49)
 Q - a wand of iceblast (7)
Scrolls
 g - 11 scrolls of remove curse
 j - 30 scrolls of identify
 r - 15 scrolls of teleportation
 y - 5 scrolls of fear
 E - 4 scrolls of fog
 G - 5 scrolls of magic mapping
 O - 4 scrolls of blinking
 R - 5 scrolls of random uselessness
 V - 3 scrolls of amnesia
 Y - a scroll of enchant weapon
Potions
 d - 4 potions of might
 h - a potion of invisibility
 n - a potion of brilliance
 o - 4 potions of ambrosia
 p - 6 potions of curing
 q - 9 potions of stabbing
 t - 4 potions of flight
 w - a potion of berserk rage
 C - 4 potions of heal wounds
 J - 3 potions of haste
Comestibles
 f - 28 rations


   Skills:
 + Level 17.2(15.5) Fighting
 - Level 14.0(12.3) Polearms
 + Level 17.3(15.5) Armour
 - Level 10.0(8.5) Shields
 - Level 11.9(10.3) Invocations
 - Level 6.7(5.3) Evocations


You had 14 spell levels left.
You didn't know any spells.
Your spell library contained the following spells:

 Spells                   Type           Power        Failure   Level  Hunger
 Animate Skeleton         Necr           N/A          100%        1    ##.....
 Pain                     Necr           #...         100%        1    ##.....
 Shock                    Conj/Air       #...         100%        1    ##.....
 Sting                    Tmut/Pois      #...         100%        1    ##.....
 Corpse Rot               Necr/Air       N/A          100%        2    ###....
 Ensorcelled Hibernation  Hex/Ice        #.....       100%        2    ###....
 Poisonous Vapours        Pois/Air       #.....       100%        2    ###....
 Swiftness                Chrm/Air       #.......     100%        2    ###....
 Conjure Flame            Conj/Fire      #.......     100%        3    ####...
 Mephitic Cloud           Conj/Pois/Air  #.......     100%        3    ####...
 Recall                   Summ/Tloc      N/A          100%        3    ####...
 Spectral Weapon          Hex/Chrm       #.......     100%        3    ####...
 Spider Form              Tmut/Pois      #.........   100%        3    ####...
 Static Discharge         Conj/Air       #.......     100%        3    ####...
 Vampiric Draining        Necr           #.........   100%        3    ####...
 Airstrike                Air            #.........   100%        4    #####..
 Animate Dead             Necr           N/A          100%        4    #####..
 Sticky Flame             Conj/Fire      #.......     100%        4    #####..
 Agony                    Necr           #.......     100%        5    ######.
 Borgnjor's Vile Clutch   Necr/Erth      #.........   100%        5    ######.
 Iskenderun's Battlesphe  Conj/Chrm      #.......     100%        5    ######.
 Lightning Bolt           Conj/Air       #.........   100%        5    ######.
 Silence                  Hex/Air        #.........   100%        5    ######.
 Darkness                 Hex            #.........   100%        6    #######
 Death Channel            Necr           #.........   100%        6    #######
 Freezing Cloud           Conj/Ice/Air   #.........   100%        6    #######
 Shadow Creatures         Summ           N/A          100%        6    #######
 Simulacrum               Ice/Necr       #.........   100%        6    #######
 Ring of Flames           Chrm/Fire      #.........   100%        7    #######
 Ignition                 Fire           #.........   100%        8    #######
 Shatter                  Erth           #.........   100%        9    #######
 Tornado                  Air            #.........   100%        9    #######


Dungeon Overview and Level Annotations

Branches:
Dungeon (15/15)            Temple (1/1) D:7            Lair (6/6) D:11
  Swamp (3/4) Lair:3        Snake (0/4) Lair:2        Slime (0/5) Lair:6
    Orc (2/2) D:11            Elf (0/3) Orc:2        Vaults (0/5) D:14
 Depths (0/5) D:15          IceCv (visited)

Altars:
Ashenzari
Cheibriados
Dithmenos
Elyvilon
Fedhas
Gozag
Hepliaklqana
Nemelex Xobeh
Okawaru
Qazlal
Ru
Xom
Yredelemnul
The Shining One
Beogh
Jiyva

Shops:
D:5 }   D:6 *%   D:14 [   Orc:2 (*[=

Portals:
Trove: D:13 (give horn of Geryon)


Innate Abilities, Weirdness & Mutations

You reflexively headbutt those who attack you in melee.
You have a pair of horns on your head.
You have very sharp teeth.
You possess an exceptional clarity of mind.


Message History

The ghost crab bites you but does no damage.
You block the ghost crab's attack.
You hit the ghost crab. You freeze the ghost crab. You headbutt the ghost crab.
The ghost crab is almost destroyed.
You barely miss the ghost crab. You headbutt the ghost crab.
The ghost crab is almost destroyed.
The ghost crab breathes spectral mist at you.
The spectral mist engulfs you but does no damage.
You hit the ghost crab. You freeze the ghost crab.
You destroy the ghost crab!
Yredelemnul accepts your kill.
The spectral swamp drake fades away!
The spectral seven-headed hydra fades away!
You are engulfed in spectral mist.
You're standing in a cloud of spectral mist!
You are engulfed in spectral mist.
* * * LOW HITPOINT WARNING * * *
You are engulfed in spectral mist.
You die...
Your body rises from the dead as a mindless zombie.

#.○..÷°.☼§§z☼..♣ ♣♣.≈≈..♣
♣÷####♣♣###♣#♣.#♣♣♣♣..≈≈≈.♣
#°♣ #.♣.♣♣≈.≈≈≈.♣♣♣ ♣z#
#.#....≈≈≈≈§.≈♣ ♣♣♣#○#
#○♣..≈≈≈≈≈≈≈.≈♣ ...#z#
#z#≈≈≈≈≈≈≈≈≈≈.♣ ..≈#†#
#z♣≈≈≈≈≈.≈♣≈..♣ .≈♣#÷#
♣♣###♣♣#z#≈≈≈≈≈≈..♣♣♣♣
♣..♣.# ...§○○°@A♣≈≈≈..≈≈.♣
..≈#'♣♣ #♣♣#♣####♣≈≈≈...≈♣♣
<≈§..○♣ ♣.≈..≈≈§..♣♣♣♣
z.≈≈..♣♣ ♣♣...........♣♣♣
.≈≈≈≈≈.♣ ♣≈≈≈≈.≈..≈≈≈≈.≈♣♣
.≈≈≈≈≈♣♣♣♣♣
♣♣≈≈≈>...≈≈≈≈≈.≈♣
≈≈≈≈.....§♣♣
♣♣......≈≈.≈≈≈.♣
(.≈≈≈>.....♣♣♣♣
♣..≈≈≈..♣♣♣≈♣♣♣♣
≈≈♣≈..≈≈≈≈....♣
♣♣≈≈≈≈≈≈≈♣♣♣♣


You could see a friendly profane servitor and 3 friendly skeletal warriors.

Vanquished Creatures
  An orc warlord (Orc:2)
  4 dire elephants (Lair:6)
  2 fire dragons (D:15)
  An ice dragon (Lair:4)
  3 vault guards (D:14)
  3 hydras
  5 ghost crabs (Swamp:3)
  An anaconda (Lair:6)
  4 centaur warriors
  2 two-headed ogres
  2 alligators
  A queen ant (Lair:3)
  A death yak (Lair:6)
  An orc high priest (Orc:2)
  A spriggan (Swamp:2)
  An unseen horror (D:11)
  A spriggan druid (Swamp:3)
  Pikel (D:6)
  2 necromancers
  An oklob plant (Lair:3)
  2 orc knights (Orc:2)
  A manticore (D:13)
  2 cyclopes
  8 ugly things
  3 orc sorcerers (Orc:2)
  Maurice (D:8)
  9 elephants
  Joseph (D:7)
  12 spiny frogs
  2 ice statues (IceCv)
  2 black mambas
  A torpor snail (Lair:6)
  3 rime drakes
  Maggie (D:6)
  9 ice devils (IceCv)
  5 komodo dragons
  2 tengu conjurers (D:15)
  4 trolls
  4 polar bears
  8 blink frogs
  3 hornets
  4 tyrant leeches
  10 slime creatures
  A bog body (Swamp:2)
  5 dream sheep
  6 hippogriffs
  3 shadows
  2 wyverns
  29 yaks
  3 hungry ghosts
  A basilisk (Lair:1)
  7 humans (D:14)
  6 vampire mosquitoes
  Menkaure (D:7)
  2 swamp worms
  Edmund (D:6)
  4 wargs
  6 insubstantial wisps
  2 soldier ants (Lair:3)
  An acid dragon (D:14)
  2 hell hounds (Lair:6)
  6 porcupines
  6 water moccasins
  2 swamp drakes
  21 orc warriors
  2 black bears
  A necrophage (D:11)
  3 phantoms
  5 sky beasts
  8 centaurs
  4 wolves
  13 ogres
  7 crocodiles
  Blork the orc (D:5)
  A big kobold (D:8)
  19 bullfrogs
  A gnoll sergeant (D:9)
  A wyvern zombie (D:9)
  3 scorpions
  4 wyvern skeletons
  A warg zombie (Orc:2)
  7 killer bees (D:11)
  12 wights
  A howler monkey (D:5)
  6 crimson imps
  A draconian simulacrum (IceCv)
  12 orc priests
  3 jellies
  12 orc wizards
  Crazy Yiuf (D:6)
  A centaur skeleton (D:4)
  An iguana (D:4)
  29 worker ants
  4 troll simulacra (IceCv)
  2 spriggan simulacra (IceCv)
  A hound skeleton (D:8)
  2 hound zombies
  A worker ant zombie (D:5)
  9 gnolls
  2 naga simulacra (IceCv)
  13 adders
  An ogre simulacrum (IceCv)
  5 shadow imps
  2 oozes
  An adder skeleton (D:8)
  An adder zombie (D:5)
  3 worms
  A dart slug (D:3)
  2 leopard geckos
  91 orcs
  A ball python (D:3)
  5 giant cockroaches
  7 goblins
  7 hobgoblins
  6 jackals
  10 kobolds
  4 quokkas
  5 bats
  11 frilled lizards
  A jackal skeleton (D:5)
  A leopard gecko zombie (D:5)
  A quokka zombie (D:8)
  7 rats
  A fungus (Orc:2)
  A plant (Lair:6)
621 creatures vanquished.

Vanquished Creatures (collateral kills)
  Donald (Swamp:1)
  Roxanne (D:14)
  2 dire elephants (Lair:6)
  A vault guard (D:14)
  A great orb of eyes (D:13)
  4 hydras
  A catoblepas (Lair:6)
  A centaur warrior (D:15)
  6 alligators
  3 shambling mangroves
  2 two-headed ogres (D:13)
  A death yak (Lair:6)
  Urug (Lair:6)
  A spriggan druid (Swamp:2)
  A swamp dragon (Swamp:3)
  4 orc knights
  A wolf spider zombie (D:15)
  A necromancer (D:14)
  An oklob plant (Lair:3)
  3 orc sorcerers (Orc:2)
  4 ugly things
  A centaur zombie (D:13)
  A black mamba (Lair:1)
  6 elephants
  A gargoyle (D:11)
  5 spiny frogs
  A komodo dragon (Lair:1)
  A rime drake (Lair:6)
  A freezing wraith (D:15)
  2 trolls (Orc:2)
  7 tyrant leeches
  9 hornets
  3 bog bodies
  2 hippogriffs
  13 slime creatures
  7 dream sheep
  7 blink frogs
  7 spriggans
  22 yaks
  12 humans (D:14)
  A vampire (D:15)
  3 basilisks
  10 vampire mosquitoes
  8 swamp worms
  A naga (Lair:2)
  2 wargs (Orc:2)
  13 insubstantial wisps
  3 water moccasins
  A soldier ant (D:13)
  2 porcupines (Lair:4)
  8 orc warriors
  4 centaurs
  2 ogres
  3 wolves
  4 crocodiles
  A big kobold (D:12)
  A gnoll sergeant (Orc:2)
  4 bullfrogs
  A crimson imp (D:12)
  2 quasits
  6 orc priests
  12 orc wizards
  2 worker ants
  4 gnolls (Orc:2)
  A leopard gecko (D:11)
  15 orcs
  3 kobolds (D:12)
  35 fungi
  20 plants
321 creatures vanquished.

Vanquished Creatures (others)
  A vampire knight (D:15)
  2 skeletal warriors
  4 phantasmal warriors
  A death yak zombie (Lair:6)
  A polar bear (Lair:4)
  11 flying skulls
  2 wraiths
  2 vampires
  A spiny frog zombie (Lair:6)
  3 elephant zombies (Lair:6)
  2 orc zombies
  2 blink frog zombies (Lair:5)
  A blink frog skeleton (Lair:3)
  2 rime drake zombies (Lair:6)
  A water moccasin zombie (Lair:6)
  A polar bear zombie (Lair:5)
  8 yak zombies
  2 wights
  A wolf skeleton (Lair:2)
  A bullfrog skeleton (D:11)
  An ogre zombie (Orc:2)
  A mummy (Lair:3)
  A worker ant zombie (Lair:3)
  An adder zombie (D:6)
  2 orc skeletons (Orc:2)
  9 fungi
  4 plants
68 creatures vanquished.

Grand Total: 1010 creatures vanquished

Notes
Turn   | Place    | Note
-------+----------+-------------------------------------------
     0 | D:1      | Curus the Minotaur Fighter began the quest for the Orb.
     0 | D:1      | Reached XP level 1. HP: 19/19 MP: 0/0
    98 | D:1      | Found a sparkling altar of Nemelex Xobeh.
   107 | D:1      | Reached XP level 2. HP: 26/26 MP: 1/1
   920 | D:1      | Gained mutation: You possess an exceptional clarity of
                  | mind. [potion of mutation]
   920 | D:1      | Gained mutation: You have very sharp teeth. [potion of
                  | mutation]
  1033 | D:2      | Reached XP level 3. HP: 31/31 MP: 2/2
  1137 | D:2      | Reached skill level 5 in Polearms
  1348 | D:2      | Found an opulent altar of Gozag.
  1582 | D:2      | Reached XP level 4. HP: 39/39 MP: 3/3
  2021 | D:3      | Reached XP level 5. HP: 25/45 MP: 4/4
  2530 | D:3      | Found a snail-covered altar of Cheibriados.
  3215 | D:4      | Reached XP level 6. HP: 42/51 MP: 5/5
  3766 | D:5      | Entered Level 5 of the Dungeon
  3783 | D:5      | Noticed a sky beast
  3785 | D:5      | Killed a sky beast
  3937 | D:5      | Reached XP level 7. HP: 57/57 MP: 6/6
  3958 | D:5      | Found a shadowy altar of Dithmenos.
  3958 | D:5      | Found a sparkling altar of Nemelex Xobeh.
  4261 | D:5      | Found Hunuboni's Gadget Shop.
  4375 | D:5      | Reached skill level 10 in Polearms
  4454 | D:5      | Noticed Blork the orc
  4473 | D:5      | Killed Blork the orc
  4929 | D:6      | Found Cawocw's Elemental Accessories.
  4984 | D:6      | Noticed Pikel
  5010 | D:6      | Killed Pikel
  5010 | D:6      | Reached XP level 8. HP: 58/64 MP: 7/7
  5163 | D:6      | Found a glowing golden altar of the Shining One.
  5163 | D:6      | Noticed Edmund
  5193 | D:6      | Killed Edmund
  5257 | D:6      | Found Kyarph's Food Emporium.
  5373 | D:6      | Noticed Maggie
  5406 | D:6      | Killed Maggie
  5406 | D:6      | Reached XP level 9. HP: 70/70 MP: 5/8
  5746 | D:6      | Found the +7 sceptre of Torment {pain, torment}
  5754 | D:6      | Found a runed translucent door.
  5755 | D:6      | Noticed Crazy Yiuf
  5807 | D:6      | Killed Crazy Yiuf
  6055 | D:7      | Found a white marble altar of Elyvilon.
  6107 | D:7      | Found a staircase to the Ecumenical Temple.
  6121 | Temple   | Entered the Ecumenical Temple
  6131 | Temple   | Became a worshipper of Yredelemnul the Dark
  6164 | D:7      | Noticed Menkaure
  6170 | D:7      | Killed Menkaure
  6265 | D:7      | Reached skill level 5 in Fighting
  6265 | D:7      | Reached skill level 5 in Armour
  6477 | D:7      | Noticed Joseph
  6487 | D:7      | Killed Joseph
  6711 | D:8      | Found a stormy altar of Qazlal.
  6797 | D:8      | Reached * piety under Yredelemnul
  6830 | D:8      | Reached XP level 10. HP: 73/86 MP: 9/9
  6920 | D:8      | Found a hazy altar of Hepliaklqana.
  6921 | D:8      | Found a shimmering altar of Xom.
  6937 | D:8      | Noticed Maurice
  6954 | D:8      | Killed Maurice
  7118 | D:8      | Found a sacrificial altar of Ru.
  7499 | D:9      | Identified the Compendium of Augmentations and Venom
  7880 | D:9      | Reached ** piety under Yredelemnul
  8174 | D:10     | Entered Level 10 of the Dungeon
  8853 | D:10     | Reached skill level 10 in Fighting
  8853 | D:10     | Reached skill level 10 in Armour
  9188 | D:11     | Reached *** piety under Yredelemnul
  9240 | D:11     | Reached XP level 11. HP: 89/101 MP: 10/10
  9253 | D:11     | Found a staircase to the Lair.
  9311 | D:11     | Received a gift from Yredelemnul (a wight)
  9347 | Lair:1   | Entered Level 1 of the Lair of Beasts
  9387 | Lair:1   | Reached skill level 1 in Invocations
  9387 | Lair:1   | Reached skill level 1 in Evocations
  9612 | Lair:1   | Got a pair of faintly humming gloves
  9635 | Lair:1   | Identified the +0 pair of gloves of Cetuucev {Int+3} (You
                  | found it on level 1 of the Lair of Beasts)
  9925 | Lair:1   | Reached skill level 5 in Shields
 10624 | Lair:2   | Reached **** piety under Yredelemnul
 10641 | Lair:2   | Got a faintly humming chain mail
 10989 | Lair:2   | Received a gift from Yredelemnul (a mummy)
 11041 | Lair:2   | Reached skill level 5 in Invocations
 11344 | Lair:2   | Found a staircase to the Snake Pit.
 11663 | Lair:2   | Identified the +1 chain mail "Gocyrumn" {rN+ Int+2} (You
                  | found it on level 2 of the Lair of Beasts)
 11697 | Lair:3   | Noticed an oklob plant
 11697 | Lair:3   | Noticed an oklob plant
 11782 | Lair:3   | Reached XP level 12. HP: 88/110 MP: 15/15
 12102 | Lair:3   | Received a gift from Yredelemnul (3 flying skulls)
 12201 | Lair:3   | Noticed a queen ant
 12215 | Lair:3   | Killed a queen ant
 12215 | Lair:3   | Reached skill level 5 in Evocations
 12293 | Lair:3   | Received a gift from Yredelemnul (a mummy)
 12631 | Lair:3   | Found a staircase to the Swamp.
 13625 | Lair:4   | Found a frozen archway.
 13626 | Lair:4   | Noticed an ice dragon
 13684 | Lair:4   | Killed an ice dragon
 13693 | IceCv    | Entered an ice cave
 14147 | IceCv    | Reached skill level 10 in Shields
 14435 | IceCv    | Got obsidian-encrusted gold dragon scales
 14447 | IceCv    | Identified the +6 gold dragon scales "Gehifeig" {rPois rF+
                  | rC+ MR+ Str+6 Slay-6} (You found it in an ice cave)
 14517 | IceCv    | Received a gift from Yredelemnul (a vampire)
 15349 | Lair:5   | Reached XP level 13. HP: 117/117 MP: 17/17
 15351 | Lair:5   | Reached ***** piety under Yredelemnul
 15417 | Lair:5   | Got an ichor-stained chain mail
 15775 | Lair:4   | Identified the +4 chain mail of Forking Paths {Int+2 Dex+2}
                  | (You found it on level 5 of the Lair of Beasts)
 16070 | Lair:5   | Received a gift from Yredelemnul (2 flying skulls)
 16479 | Lair:6   | Entered Level 6 of the Lair of Beasts
 16593 | Lair:6   | Found a staircase to the Slime Pits.
 16593 | Lair:6   | Found a viscous altar of Jiyva.
 16653 | Lair:6   | Received a gift from Yredelemnul (3 flying skulls)
 17030 | Lair:6   | Noticed Urug
 17041 | Lair:6   | Killed Urug
 17387 | Lair:6   | Received a gift from Yredelemnul (a wight)
 17806 | Lair:6   | Found the +12 Vampire's Tooth {vamp}
 17838 | Lair:6   | Noticed a dire elephant
 17838 | Lair:6   | Noticed a dire elephant
 17838 | Lair:6   | Your ally Urug died
 17845 | Lair:6   | Killed a dire elephant
 17857 | Lair:6   | Killed a dire elephant
 17863 | Lair:6   | Killed a dire elephant
 17941 | Lair:6   | Noticed a dire elephant
 17957 | Lair:6   | Killed a dire elephant
 17963 | Lair:6   | Noticed a dire elephant
 17988 | Lair:6   | Killed a dire elephant
 18327 | Lair:6   | Killed a dire elephant
 18330 | Lair:6   | Reached XP level 14. HP: 122/133 MP: 18/18
 18692 | D:11     | Received a gift from Yredelemnul (a vampire)
 19118 | D:11     | Found a staircase to the Orcish Mines.
 19155 | Orc:1    | Entered Level 1 of the Orcish Mines
 19289 | Orc:2    | Entered Level 2 of the Orcish Mines
 19289 | Orc:2    | Found a staircase to the Elven Halls.
 19298 | Orc:2    | Noticed an orc warlord
 19299 | Orc:2    | Found Ypnupn's General Store.
 19319 | Orc:2    | Killed an orc warlord
 19319 | Orc:2    | Received a gift from Yredelemnul (a phantasmal warrior)
 19523 | Orc:2    | Found Xafrelog's Antique Armour Shoppe.
 19539 | Orc:2    | Reached ****** piety under Yredelemnul
 19564 | Orc:2    | Received a gift from Yredelemnul (3 flying skulls)
 19622 | Orc:2    | Bought a pair of glowing boots for 210 gold pieces
 19664 | Orc:1    | Received a gift from Yredelemnul (a phantasmal warrior)
 19813 | Orc:1    | Found a roughly hewn altar of Beogh.
 20334 | Orc:1    | Reached skill level 10 in Invocations
 20563 | Orc:2    | Found a roughly hewn altar of Beogh.
 20589 | Orc:2    | Found Mipus's Antique Weapon Emporium.
 20716 | Orc:2    | Found Tydoubas's Jewellery Boutique.
 20725 | Orc:2    | Found a roughly hewn altar of Beogh.
 21173 | D:12     | Received a gift from Yredelemnul (a wraith)
 21200 | D:12     | Identified the Guide on Flames and Flight
 21755 | D:13     | Received a gift from Yredelemnul (a vampire knight)
 21810 | D:13     | Found a portal to a secret trove of treasure.
 21924 | D:13     | Received a gift from Yredelemnul (a wraith)
 22094 | D:13     | Found a transporter.
 22094 | D:13     | Found a transporter.
 22297 | D:14     | Got a pair of fine boots
 22319 | D:14     | Identified the cursed +0 pair of boots "Fireel" {SInv} (You
                  | found it on level 14 of the Dungeon)
 22338 | D:14     | Identified Roxanne's Compendium of Transformation
 22338 | D:14     | Noticed Roxanne
 22358 | D:14     | Found Opsil's Armour Shop.
 22410 | D:14     | Found a hazy altar of Hepliaklqana.
 22494 | D:14     | Received a gift from Yredelemnul (a skeletal warrior)
 22947 | D:14     | Received a gift from Yredelemnul (a phantasmal warrior)
 22971 | D:14     | Found a gate to the Vaults.
 22982 | D:14     | Reached skill level 15 in Fighting
 22982 | D:14     | Reached skill level 15 in Armour
 23110 | D:14     | Received a gift from Yredelemnul (a skeletal warrior)
 23124 | D:14     | Reached XP level 15. HP: 141/141 MP: 22/22
 23406 | D:15     | Entered Level 15 of the Dungeon
 23480 | D:15     | Received a gift from Yredelemnul (a skeletal warrior)
 24218 | D:15     | Found a staircase to the Depths.
 24537 | D:15     | Received a gift from Yredelemnul (a profane servitor)
 24661 | D:14     | Killed Roxanne
 25078 | Swamp:1  | Entered Level 1 of the Swamp
 25137 | Swamp:1  | Received a gift from Yredelemnul (a skeletal warrior)
 25394 | Swamp:1  | Noticed Donald
 25402 | Swamp:1  | Killed Donald
 26020 | Swamp:2  | Received a gift from Yredelemnul (a skeletal warrior)
 26221 | Swamp:2  | Received a gift from Yredelemnul (a phantasmal warrior)
 27783 | Swamp:3  | Found a runed translucent door.
 28055 | Swamp:3  | Engulfed by a cloud of spectral mist

Illustrated notes

Levels and vault maps discovered:
D:1:      erik_arrival_orb_chamber, layout_basic, minmay_misc_feat_x,
          minmay_misc_feat_tower, minmay_crystal_water,
          nemelex_xobeh_ov_fountains_minmay
D:2:      layout_basic, nicolae_overflow_crystal_walls, grunt_decor_one_mirror
D:3:      layout_loops_corners, lemuel_doored_altar
D:4:      layout_rooms, first_ration
D:5:      wad_river_or_something, layout_basic,
          gammafunk_temple_overflow_elements, serial_shops, shop,
          uniq_blork_the_orc
D:6:      layout_loops_ring, serial_shops, shop, basic_altar,
          nicolae_elemental_shop, uniq_maggie, uniq_pikel,
          uniq_crazy_yiuf_cottage, uniq_edmund
D:7:      layout_basic, elyvilon_altar_4, minmay_temple_entry_tees, uniq_joseph,
          uniq_menkaure
D:8:      layout_rooms, regret_index_temple_of_mockery,
          nicolae_ru_path_of_blood, overflow_temple_1_default, uniq_maurice
D:9:      layout_stronghold
D:10:     layout_basic
D:11:     layout_long_grid, due_lair_maze_entry_diamond, hiddenorc2_lemuel
D:12:     layout_basic
D:13:     gammafunk_jiyva_shrine, layout_basic, enter_trove_1
D:14:     layout_irregular_city, grunt_vaults_entry_tiered, serial_column_ruins,
          column_ruins_courtyard_long, column_ruins_open_tiny,
          column_ruins_open_medium, column_ruins_columns_dead_end,
          column_ruins_open_tiny, column_ruins_open_small,
          column_ruins_open_small, column_ruins_open_small, serial_shops,
          nicolae_shop_behind_doors, minmay_fountain_box, basic_altar,
          uniq_roxanne
D:15:     grunt_enter_depths_hoard, layout_rooms
Temple:   nicolae_temple_god_jail
Lair:1:   layout_small_grid
Lair:2:   layout_cave_pods, guppyfry_snake_entry_island, beast_lair_carwin_8
Lair:3:   layout_regular_city, swamp_mist_pool, minmay_another_anthill,
          lemuel_fruit_tree, minmay_lair_oklob_chamber
Lair:4:   layout_roguey, portal_ice_cave_entry_animals_and_master
Lair:5:   layout_roguey, minivault_19, grunt_megastairs_5,
          infiniplex_staircase_pool
Lair:6:   due_jungle_book, layout_gridlike, slime_altar_1, enter_volcano_3,
          uniq_urug
Swamp:1:  layout_basic_swamp, evilmike_swamp_ruin_house_4, uniq_donald
Swamp:2:  layout_basic_swamp, serial_swamp_ruin, evilmike_swamp_ruin_house_5,
          hangedman_swamp_ruin_wall
Swamp:3:  gammafunk_mikee_crab_dinner, layout_basic_swamp,
          evilmike_swamp_ruin_house_3, infiniplex_staircase_pool_2
Orc:1:    layout_caves, basic_altar
Orc:2:    grunt_orc_gardens, layout_caves, grunt_orc_garden, grunt_orc_garden,
          grunt_orc_garden, grunt_orc_garden, basic_altar, mines1_david

Skill      XL: |  1  2  3  4  5  6  7  8  9 10 11 12 13 14 15 |
---------------+----------------------------------------------+-----
Polearms       | 3 4 5 6 7 9 12 13 14 | 14.0
Fighting       | 7 10 11 14 15 17 | 17.2
Armour         | 7 10 11 14 15 17 | 17.3
Shields        | 7 10 | 10.0
Invocations    | 5 7 11 | 11.9
Evocations     | 4 6 |  6.7

Action                   |  1- 3 |  4- 6 |  7- 9 | 10-12 | 13-15 || total
-------------------------+-------+-------+-------+-------+-------++-------
Melee: Trident           |    98 |   182 |   285 |  1082 |  1344 ||  2991
       Headbutt          |     5 |    18 |    46 |   215 |   318 ||   602
       Bite              |     2 |     8 |    21 |   118 |   177 ||   326
       Spear             |       |       |    32 |       |       ||    32
Invok: Animate Dead      |       |       |       |    19 |    32 ||    51
       Drain Life        |       |       |       |       |     1 ||     1
       Recall Undead Sla |       |       |       |       |     1 ||     1
 Abil: Evoke Flight      |       |       |       |       |     2 ||     2
Evoke: Wand              |       |       |       |     1 |     5 ||     6
  Use: Scroll            |     6 |     5 |     8 |     8 |     6 ||    33
       Potion            |     6 |     2 |     3 |     2 |     2 ||    15
 Stab: Paralysed         |       |       |       |     4 |     2 ||     6
       Distracted        |       |       |       |     3 |    19 ||    22
  Eat: Chunk             |     2 |     8 |     9 |    21 |    40 ||    80
       Ration            |       |       |       |     4 |     3 ||     7
Armor: Scale mail        |    16 |    29 |    12 |       |       ||    57
       Chain mail        |       |       |    23 |     7 |       ||    30
       Plate armour      |       |       |       |   251 |   285 ||   536
Dodge: Dodged            |    13 |    14 |    29 |   118 |   146 ||   320
Block: Kite shield       |    54 |    67 |   130 |   649 |   651 ||  1551
       Reflection        |     3 |     5 |    14 |    10 |    25 ||    57
